 Dungeon Crawl Stone Soup version 0.32-a0-871-ge202e49faa (webtiles) character file.

Game seed: 18395191752813591479

901 Supercliff the Trooper (level 7, -10/66 HPs)
             Began as a Minotaur Fighter on Mar 17, 2024.
             Mangled by Prince Ribbit (13 damage)
             ... on level 5 of the Dungeon on Mar 29, 2024.
             The game lasted 00:12:19 (4463 turns).

Supercliff the Trooper (Minotaur Fighter)           Turns: 4463, Time: 00:12:20

Health: -10/66     AC: 10    Str: 20    XL:     7   Next: 80%
Magic:  6/6        EV:  8    Int:  5    God:
Gold:   134        SH: 11    Dex: 12    Spells: 6/6 levels left

rFire   . . .        a - +0 war axe
rCold   . . .        c - +1 buckler
rNeg    . . .        b - +0 scale mail
rPois   .            (helmet restricted)
rElec   .            f - +0 cloak
rCorr   .            (no gloves)
SInv    .            v - +0 pair of boots
Will    .....        l - amulet of reflection Stlth
                     (no ring)
HPRegen 0.31/turn    (no ring)
MPRegen 0.10/turn

%: reflection
@: no status effects
A: horns 2, retaliatory headbutt
a: no special abilities


You were on level 5 of the Dungeon.
You visited 1 branch of the dungeon, and saw 5 of its levels.

You collected 134 gold pieces.

Inventory:

Hand Weapons
 a - a +0 war axe (weapon)
Missiles
 h - 37 stones (quivered)
 o - 6 javelins
Armour
 b - a +0 scale mail (worn)
 c - a +1 buckler (worn)
 e - a +0 pair of boots
 f - a +0 cloak (worn)
 v - a +0 pair of boots (worn)
Jewellery
 l - an amulet of reflection (around neck)
 n - an amulet of the acrobat
 r - a ring of protection from fire
Wands
 q - a wand of flame (11)
 w - a wand of roots (6)
Scrolls
 j - 2 scrolls of identify
 k - a scroll of revelation
 p - a scroll of acquirement {unknown}
 s - a scroll of immolation
 t - a scroll of noise {unknown}
 u - a scroll of vulnerability {unknown}
 x - a scroll of amnesia
Potions
 d - a potion of might
 g - a potion of mutation
 i - 2 potions of curing {unknown}
 m - a potion of enlightenment {unknown}


   Skills:
 * Level 7.3 Fighting
 * Level 6.5 Axes
 + Level 5.6 Armour
 - Level 0.3 Stealth
 + Level 5.4 Shields


You had 6 spell levels left.
You didn't know any spells.
Your spell library contained the following spells:

 Spells                   Type           Power      Damage    Failure   Level
 Mercury Vapours          Alch/Air       0%         N/A       95%         2
 Mephitic Cloud           Conj/Alch/Air  0%         N/A       99%         3
 Freezing Cloud           Conj/Ice/Air   0%         6-21      100%        5


Dungeon Overview and Level Annotations

Branches:
Dungeon (5/15)
 Temple: D:4-7

Altars:
Gozag
Zin

Annotations:
D:5 Prince Ribbit


Innate Abilities, Weirdness & Mutations

You have a pair of horns on your head.
You reflexively headbutt those who attack you in melee.


Message History

Found a stone staircase leading down.
Aiming: Throw Flame
Press: ? - help, Shift-Dir - straight line, f - Prince Ribbit
Aim: Prince Ribbit (45% to hit)
Okay, then.
Throw: 38 stones
Press: ? - help, Q - select action, (/) - cycle Shift-Dir - straight line, f - Prince Ribbit
Aim: Prince Ribbit (34% to hit)
You throw a stone. The stone hits Prince Ribbit.
Prince Ribbit is lightly wounded.
Prince Ribbit croaks regally.
Found a stone staircase leading down.
You hit Prince Ribbit.
Prince Ribbit is moderately wounded.
Prince Ribbit hits you but does no damage. x2
You miss Prince Ribbit.
Prince Ribbit is moderately wounded.
You block Prince Ribbit's attack. Prince Ribbit hits you!
You barely miss Prince Ribbit.
Prince Ribbit is moderately wounded.
Prince Ribbit hits you! Prince Ribbit barely misses you.
You closely miss Prince Ribbit.
Prince Ribbit is moderately wounded.
You block Prince Ribbit's attack.
You hit Prince Ribbit.
Prince Ribbit is moderately wounded.
You block Prince Ribbit's attack. x2
You barely miss Prince Ribbit. Your headbutt misses Prince Ribbit.
Prince Ribbit is moderately wounded.
Prince Ribbit hits you!
* * * LOW HITPOINT WARNING * * *
Prince Ribbit closely misses you.
You slash Prince Ribbit!
Prince Ribbit is severely wounded.
Prince Ribbit hits you!
* * * LOW HITPOINT WARNING * * *
You closely miss Prince Ribbit. You headbutt Prince Ribbit.
Prince Ribbit is almost dead.
You block Prince Ribbit's attack. Prince Ribbit hits you!
You die...

#########
........#
........#
.....$..#
>.......####
......F@...#
........##.#
........##.#
........##.#
.>......##.#
..########<# .
#.# #..# #.#
#..########.#####


You could see Prince Ribbit.

Vanquished Creatures
  Grinder (D:5)
  Sigmund (D:4)
  A black bear (D:4)
  A phantom (D:4)
  2 scorpions
  A bombardier beetle (D:4)
  A jelly (D:4)
  An orc priest (D:4)
  A sleepcap (D:4)
  3 gnolls (D:4)
  3 adders
  3 dart slugs
  2 ribbon worms (D:3)
  7 orcs
  3 ball pythons
  8 bats
  5 endoplasms
  5 giant cockroaches
  14 goblins
  3 hobgoblins
  5 jackals
  10 kobolds
  2 quokkas
  A frilled lizard (D:3)
  4 rats
88 creatures vanquished.

Notes
Turn   | Place    | Note
-------+----------+-------------------------------------------
     0 | D:1      | Supercliff the Minotaur Fighter began the quest for the
                  | Orb.
     0 | D:1      | Reached XP level 1. HP: 19/19 MP: 0/0
   338 | D:1      | Upgraded the game from 0.32-a0-747-gc8563f6773 to
                  | 0.32-a0-871-ge202e49faa
   457 | D:1      | Reached XP level 2. HP: 27/27 MP: 1/1
   520 | D:1      | Reached skill level 4 in Fighting
  1090 | D:2      | Found a faded altar of an unknown god.
  1333 | D:2      | Reached XP level 3. HP: 34/34 MP: 2/2
  2361 | D:3      | Reached XP level 4. HP: 41/41 MP: 3/3
  2942 | D:3      | Found an opulent altar of Gozag.
  3015 | D:4      | Reached skill level 5 in Fighting
  3072 | D:4      | HP: 1/42 [orc priest/nerve-wracking pain (12)]
  3238 | D:4      | Reached XP level 5. HP: 12/48 MP: 4/4
  3460 | D:4      | Noticed a black bear
  3464 | D:4      | Killed a black bear
  3465 | D:4      | Reached XP level 6. HP: 52/57 MP: 5/5
  3499 | D:4      | Reached skill level 5 in Axes
  3503 | D:4      | Reached skill level 6 in Fighting
  3643 | D:4      | Noticed Sigmund
  3656 | D:5      | Entered Level 5 of the Dungeon
  3763 | D:5      | Reached skill level 5 in Armour
  3824 | D:4      | Killed Sigmund
  3825 | D:4      | Reached skill level 5 in Shields
  3825 | D:4      | Reached XP level 7. HP: 19/64 MP: 6/6
  4381 | D:4      | Found a glowing silver altar of Zin.
  4444 | D:5      | Noticed Grinder
  4447 | D:5      | Noticed Prince Ribbit
  4452 | D:5      | Killed Grinder
  4453 | D:5      | Reached skill level 7 in Fighting
  4462 | D:5      | HP: 2/66 [Prince Ribbit (11)]
  4463 | D:5      | Mangled by Prince Ribbit

Illustrated notes

Levels and vault maps discovered:
D:1:      eino_arrival_druids_welcome, layout_loops_corners, minmay_pentomino_z4
D:2:      layout_basic, hellmonk_ecumenical_altar_dog_temple,
          minmay_split_cup_large
D:3:      layout_loops_ring, nicolae_overflow_hidden_temple,
          amcnicky_mini_pool_small, chequers_serial_rivers_room_a
D:4:      layout_basic, zin_scriptorium, kennysheep_generic_room_5, uniq_sigmund
D:5:      layout_loops_ring, uniq_grinder, uniq_blork_the_orc,
          uniq_prince_ribbit1

Skill      XL: |  1  2  3  4  5  6  7 |
---------------+----------------------+-----
Fighting       | 4 5 6 7 |  7.3
Axes           | 3 4 5 6 |  6.5
Armour         | 4 5 |  5.6
Shields        | 4 5 |  5.4
Stealth        | |  0.3

Action                     |  1- 3 |  4- 6 |  7- 9 || total
---------------------------+-------+-------+-------++-------
  Melee: War axe           |    98 |    97 |    33 ||   228
         Headbutt          |    11 |    11 |     6 ||    28
  Throw: Stone             |     5 |     5 |     1 ||    11
    Use: Scroll            |     7 |       |       ||     7
         Potion            |       |     4 |       ||     4
 Armour: Scale mail        |    65 |    78 |    20 ||   163
  Dodge: Dodged            |    37 |    33 |     7 ||    77
  Block: Buckler           |    42 |    49 |    13 ||   104
         Reflection        |     1 |     2 |       ||     3

Table legend: (Time is in decaauts)
 A = Elapsed time spent in this place.
 B = Non-inter-level travel time spent in this place.
 C = Inter-level travel time spent in this place.
 D = Time resting spent in this place.
 E = Time spent auto-exploring this place.
 F = Levels seen in this place.
 G = Mean time per level.
                   A        B        C        D        E       F      G
               +--------+--------+--------+--------+--------+-----+--------+
         Total |   4540 |   4250 |    290 |    512 |   3038 |   5 |  908.0 |
       Dungeon |   4540 |   4250 |    290 |    512 |   3038 |   5 |  908.0 |
               +--------+--------+--------+--------+--------+-----+--------+

Top non-repeatable levels by time:
     D:4: 1204 daAuts
     D:1: 1089 daAuts
     D:3: 1066 daAuts
     D:2: 1038 daAuts
     D:5: 142 daAuts
